 Dungeon Crawl Stone Soup version 0.23-a0-54-gae6112e33f (webtiles) character file.

89576 Kholdaimon the Severer (level 15, -8/139 HPs)
             Began as a Minotaur Berserker on Aug 1, 2018.
             Was the Champion of Trog.
             Killed by divine providence
             ... invoked by Saint Roka
              (14 damage)
             ... on level 2 of the Orcish Mines on Aug 8, 2018.
             The game lasted 03:34:48 (28838 turns).

Kholdaimon the Severer (Minotaur Berserker)        Turns: 28838, Time: 03:34:48

Health: -8/139     AC: 27    Str: 22    XL:     15   Next: 49%
Magic:  17/17      EV: 13    Int:  8    God:    Trog [******]
Gold:   1931       SH: 14    Dex: 14    Spells: 14/14 levels left

rFire    . . .     SeeInvis .   L - +5 broad axe (elec)
rCold    + . .     Gourm    .   w - +0 shield
rNeg     . . .     Faith    +   Y - +4 plate armour
rPois    .         Spirit   .   (helmet restricted)
rElec    .         Reflect  .   I - +0 cloak
rCorr    .         Harm     .   G - +1 pair of gloves
MR       +++..                  (no boots)
Stlth    ..........             W - amulet of Wilatsoll {Faith Int+2 Slay+3}
HPRegen  1.33/turn              Z - +3 ring of protection
MPRegen  0.15/turn              v - ring of protection from cold

@: regenerating, studying Polearms
A: retaliatory headbutt, horns 2
a: Berserk, Trog's Hand, Brothers in Arms, Renounce Religion


You were on level 2 of the Orcish Mines.
You worshipped Trog.
Trog was exalted by your worship.
You were hungry.

You visited 3 branches of the dungeon, and saw 23 of its levels.
You also visited: Labyrinth and Ice Cave.

You collected 2418 gold pieces.
You spent 487 gold pieces at shops.

Inventory:

Hand Weapons
 f - a +1 hunting sling
 n - the +1 shortbow of the Eleven Nights {velocity, rElec MR+ Int+6 Dex+2}
   (You took it off a minotaur in a labyrinth)

   Any arrow fired from it inflicts extra damage.
   It affects your intelligence (+6).
   It affects your dexterity (+2).
   It insulates you from electricity.
   It affects your resistance to hostile enchantments.
 F - a +0 blowgun
 L - a +5 broad axe of electrocution (weapon)
 Q - a +1 morningstar of flaming
Missiles
 k - 50 poisoned needles
 q - 6 javelins
 x - 105 sling bullets
 y - 13 curare-tipped needles
 H - 9 javelins of returning (quivered)
 M - 19 tomahawks
 N - 4 steel tomahawks
 O - 2 throwing nets
Armour
 w - a +0 shield (worn)
 G - a +1 pair of gloves (worn)
 I - a +0 cloak (worn)
 Y - a +4 plate armour (worn)
Jewellery
 v - a ring of protection from cold (right hand)
 J - an uncursed ring of see invisible
 K - an uncursed ring of ice
 W - the amulet of Wilatsoll (around neck) {Faith Int+2 Slay+3}
   (You found it on level 3 of the Lair of Beasts)

   [amulet of faith]

   It allows you to gain divine favour quickly.
   It affects your intelligence (+2).
   It affects your accuracy and damage with ranged weapons and melee attacks
   (+3).
 Z - a +3 ring of protection (left hand)
Wands
 i - a wand of acid (7)
 E - a wand of disintegration (15)
 P - a wand of enslavement (39)
 R - a wand of paralysis (29)
 S - a wand of iceblast (28)
Scrolls
 g - 10 scrolls of teleportation
 h - a scroll of enchant weapon
 j - 2 scrolls of fog
 m - 4 scrolls of remove curse
 o - 2 scrolls of magic mapping
 p - 3 scrolls of summoning
 u - a scroll of enchant armour
 B - 9 scrolls of blinking
 T - 2 scrolls of holy word
 U - a scroll of brand weapon
 X - 7 scrolls of identify
Potions
 a - a potion of resistance
 d - 4 potions of haste
 e - 2 potions of ambrosia
 r - 2 potions of lignification
 s - 6 potions of agility
 t - 2 potions of might
 z - 7 potions of curing
 A - 4 potions of flight
 C - 2 potions of heal wounds
 D - 3 potions of cancellation
 V - a potion of invisibility
Books
 l - a manual of Polearms
Comestibles
 b - 19 chunks of flesh
 c - 26 rations


   Skills:
 + Level 14.4 Fighting
 * Level 15.8 Axes
 + Level 6.1 Slings
 - Level 13.0 Armour
 - Level 12.0 Dodging
 - Level 15.0 Shields
 - Level 5.0 Evocations


You had 14 spell levels left.
You didn't know any spells.
Your spell library was empty.

Dungeon Overview and Level Annotations

Branches:
Dungeon (15/15)            Temple (0/1) D:5            Lair (6/6) D:10
 Shoals (0/4) Lair:2       Spider (0/4) Lair:4        Slime (0/5) Lair:6
    Orc (2/2) D:9             Elf (0/3) Orc:2        Vaults (0/5) D:13
 Depths (0/5) D:15

Altars:
Cheibriados
Dithmenos
Elyvilon
Hepliaklqana
Kikubaaqudgha
Okawaru
Vehumet
Wu Jian
Xom
The Shining One
Beogh

Shops:
D:11 ?   Orc:1 *   Orc:2 (%[:[:

Annotations:
D:12 3 runed doors, MirrMurr's ghost, journeyman GrBe
Orc:2 Saint Roka


Innate Abilities, Weirdness & Mutations

You reflexively headbutt those who attack you in melee.
You have a pair of horns on your head.


Message History

Trog accepts your kill.
Throwing (i - inventory. (/) - cycle)
H - 9 javelins of returning (quivered)
Press: ? - help, Shift-Dir - straight line
Okay, then.
You feel the effects of Trog's Hand fading.
The orc wizard no longer looks unusually strong.
Something hits your troll!
Your troll dies!
Your troll's corpse disappears in a puff of smoke!
You block the orc wizard's attack. The orc priest barely misses you.
You furiously retaliate!
You headbutt the orc priest.
The orc priest invokes the aid of Beogh against you.
Beogh smites you!
* * * LOW HITPOINT WARNING * * *
The orc priest mumbles some strange prayers to Beogh against you.
Beogh smites you!
* * * LOW HITPOINT WARNING * * *
Saint Roka invokes the aid of Beogh against you.
Beogh smites you!
You die...

........#......................#.
..............................#..
.....<...........................
.................................
###......###.......##########....
..##....##.#......## ###..
...#..............# # ##.
8..#.#...........#### .# #.
...#..#.........@#.8##o###o# ##
..##...........8ooo.oo)..o.. #
###.........#....ooooo..8... #
.....<.........8.'..o....o.. #
.####......##.#..#.8##'###'# ##
## ###.########.#### ..# . #.
######### #..# ..# ##. .....#
##.## .# ###.. )....#
#..##########...#


You could see Saint Roka, 2 orc warriors, 4 orc priests, an orc wizard and 3
orcs.

Vanquished Creatures
  Gastronok (Lair:2)
  A minotaur (Lab)
  Snorg (Orc:1)
  Josephine (D:15)
  A yaktaur captain (D:15)
  2 vault guards (D:13)
  7 hydras
  3 catoblepae (Lair:6)
  Erica (D:8)
  A two-headed ogre (D:9)
  10 death yaks (Lair:6)
  3 centaur warriors (D:15)
  2 tengu warriors (D:12)
  Urug (D:13)
  An unseen horror (D:15)
  An orc knight (Orc:1)
  Pikel (D:6)
  A wizard (D:13)
  3 necromancers
  9 deep elf magi
  5 manticores
  5 orc sorcerers
  5 ugly things (D:15)
  2 cyclopes
  6 black mambas
  3 ice statues (IceCv)
  8 elephants
  A gargoyle (D:14)
  13 spiny frogs
  A yaktaur (D:15)
  3 rime drakes
  10 ice devils (IceCv)
  5 komodo dragons
  3 meliai (D:13)
  2 trolls
  13 blink frogs (Lair:4)
  5 slime creatures (D:13)
  5 hippogriffs
  A vampire (D:10)
  4 shadows
  2 redbacks
  7 wraiths
  Sigmund (D:6)
  3 water elementals (D:15)
  A basilisk (Lair:5)
  20 humans (D:13)
  4 wyverns
  28 yaks
  9 vampire mosquitoes
  2 wargs (Orc:2)
  A soldier ant (D:15)
  10 water moccasins
  30 orc warriors
  5 ice beasts
  4 slaves (D:6)
  8 porcupines
  A hornet zombie (D:13)
  An eye of draining (D:14)
  4 sky beasts
  2 black bears
  A necrophage (D:13)
  4 ogres
  5 centaurs
  29 wolves (Lair:2)
  12 crocodiles
  A big kobold (D:14)
  A gnoll sergeant (D:11)
  30 bullfrogs
  A wyvern zombie (D:11)
  3 scorpions
  11 killer bees
  2 howler monkeys
  8 wights
  10 electric eels
  4 crimson imps
  2 centaur zombies
  3 draconian simulacra (IceCv)
  A quasit (D:14)
  3 hounds
  A gnoll shaman (D:10)
  22 orc wizards
  8 jellies
  21 orc priests
  5 centaur skeletons
  5 iguanas
  10 worker ants
  A troll simulacrum (IceCv)
  A centaur simulacrum (IceCv)
  3 hound skeletons
  2 worker ant zombies
  Robin (D:3)
  11 gnolls
  7 adders
  4 ogre simulacra (IceCv)
  A naga simulacrum (IceCv)
  2 shadow imps
  16 white imps (D:11)
  A worker ant simulacrum (D:11)
  4 oozes
  11 dart slugs (D:3)
  2 worms (D:3)
  7 leopard geckos
  88 orcs
  5 giant cockroaches
  20 goblins
  12 hobgoblins
  11 jackals
  7 quokkas
  4 bats
  4 frilled lizards
  A jackal zombie (D:5)
  8 kobolds
  4 rats (D:1)
  3 fungi
  2 plants
740 creatures vanquished.

Vanquished Creatures (collateral kills)
  Sonja (Lair:2)
  2 orc knights
  A centaur skeleton (D:13)
  3 yaks (D:13)
  4 orc warriors
  A wolf (Lair:2)
  2 orc priests (D:14)
  An orc wizard (D:14)
  2 orcs
17 creatures vanquished.

Vanquished Creatures (others)
  Fannar (Orc:1)
  2 centaur warriors
  2 cyclopes
  An elephant (Lair:6)
  A spiny frog (Lair:6)
  2 centaurs
  2 fungi (Lair:6)
  2 plants (Lair:6)
13 creatures vanquished.

Grand Total: 770 creatures vanquished

Notes
Turn   | Place    | Note
-------+----------+-------------------------------------------
     0 | D:1      | Kholdaimon the Minotaur Berserker began the quest for the Orb.
     0 | D:1      | Reached XP level 1. HP: 19/19 MP: 0/0
   426 | D:1      | Reached XP level 2. HP: 27/27 MP: 1/1
   672 | D:1      | Reached ** piety under Trog
   989 | D:2      | Reached XP level 3. HP: 29/33 MP: 2/2
  1002 | D:2      | You fall through a shaft for 2 floors!
  1209 | D:4      | Found a hazy altar of Hepliaklqana.
  1210 | D:4      | Found an ornate altar of the Wu Jian Council.
  1210 | D:4      | Found a shadowy altar of Dithmenos.
  1592 | D:2      | Found a shimmering altar of Xom.
  1645 | D:2      | Reached XP level 4. HP: 34/40 MP: 3/3
  2227 | D:3      | Reached skill level 1 in Shields
  2350 | D:3      | Noticed Robin
  2369 | D:3      | Reached skill level 5 in Axes
  2379 | D:3      | Killed Robin
  2422 | D:3      | Reached *** piety under Trog
  2434 | D:3      | Reached XP level 5. HP: 38/46 MP: 4/4
  2830 | D:3      | Found a radiant altar of Vehumet.
  3206 | D:5      | Entered Level 5 of the Dungeon
  3386 | D:5      | Noticed a centaur
  3391 | D:5      | Killed a centaur
  3391 | D:5      | Reached XP level 6. HP: 41/53 MP: 5/5
  3595 | D:5      | Found a staircase to the Ecumenical Temple.
  4017 | D:6      | Found a white marble altar of Elyvilon.
  4118 | D:6      | Reached skill level 5 in Fighting
  4301 | D:6      | Noticed a slave
  4302 | D:6      | Noticed a slave
  4312 | D:6      | Killed a slave
  4317 | D:6      | Killed a slave
  4334 | D:6      | Noticed a slave
  4334 | D:6      | Noticed a slave
  4344 | D:6      | Killed a slave
  4351 | D:6      | Killed a slave
  4365 | D:6      | Reached XP level 7. HP: 54/61 MP: 6/6
  4424 | D:6      | Noticed Pikel
  4442 | D:6      | Killed Pikel
  4444 | D:6      | Reached XP level 8. HP: 51/68 MP: 7/7
  4700 | D:6      | Found an iron altar of Okawaru.
  4775 | D:6      | Noticed Sigmund
  4784 | D:6      | Killed Sigmund
  5618 | D:8      | Reached **** piety under Trog
  5798 | D:8      | Noticed a hippogriff
  5807 | D:8      | Killed a hippogriff
  5807 | D:8      | Reached skill level 10 in Axes
  5807 | D:8      | Reached XP level 9. HP: 69/74 MP: 8/8
  6265 | D:8      | Noticed Erica
  6279 | D:8      | Killed Erica
  6279 | D:8      | Reached skill level 10 in Shields
  6772 | D:8      | Found a glowing golden altar of the Shining One.
  7113 | D:8      | Upgraded the game from 0.23-a0-8-gb809bb70e4 to 0.23-a0-13-gb09bef45d9
  7441 | D:9      | Reached XP level 10. HP: 31/81 MP: 9/9
  8286 | D:9      | Reached ***** piety under Trog
  8298 | D:9      | Found a roughly hewn altar of Beogh.
  8306 | D:9      | Found a staircase to the Orcish Mines.
  8559 | D:9      | Noticed a two-headed ogre
  8569 | D:9      | Killed a two-headed ogre
  9160 | D:10     | Entered Level 10 of the Dungeon
  9303 | D:10     | Found a staircase to the Lair.
  9594 | D:10     | Got a warped chain mail
  9605 | D:10     | Identified the +4 chain mail of Ylucietu {rN+ Slay-4 Stlth+} (You found it on level 10 of the Dungeon)
  9989 | D:10     | Upgraded the game from 0.23-a0-13-gb09bef45d9 to 0.23-a0-26-g9187234747
 10129 | D:11     | Found a frozen archway.
 10220 | IceCv    | Entered an ice cave
 10621 | IceCv    | Reached XP level 11. HP: 15/86 MP: 10/10
 12124 | IceCv    | Received a gift from Trog
 12971 | IceCv    | Noticed a necromancer
 12976 | IceCv    | Killed a necromancer
 12998 | IceCv    | Got a pitted dire flail
 13871 | D:11     | Found Geah's Magic Scroll Boutique.
 13877 | D:11     | Reached skill level 15 in Shields
 13885 | D:11     | Bought a scroll of teleportation for 45 gold pieces
 13885 | D:11     | Bought a scroll of identify for 30 gold pieces
 13885 | D:11     | Bought a scroll of brand weapon for 300 gold pieces
 13885 | D:11     | Bought a scroll of identify for 30 gold pieces
 13885 | D:11     | Bought a scroll of identify for 30 gold pieces
 13885 | D:11     | Bought a scroll of magic mapping for 52 gold pieces
 14296 | D:12     | Identified the +1 dire flail "Cer Ciut" {crush, +Blink Str+3} (You found it in an ice cave)
 14705 | D:12     | Received a gift from Trog
 14705 | D:12     | Reached skill level 5 in Armour
 14959 | D:12     | Found a snail-covered altar of Cheibriados.
 15425 | D:12     | Found a runed gate.
 15425 | D:12     | Found a runed gate.
 15425 | D:12     | Found a runed gate.
 15425 | D:12     | Noticed MirrMurr's ghost (journeyman GrBe)
 15429 | D:12     | Upgraded the game from 0.23-a0-26-g9187234747 to 0.23-a0-49-gd9f7a49668
 15470 | D:13     | Noticed a tengu warrior
 15471 | D:13     | Noticed a tengu warrior
 15491 | D:12     | Killed a tengu warrior
 15491 | D:12     | Reached skill level 5 in Dodging
 15674 | D:12     | Killed a tengu warrior
 15724 | D:13     | Reached XP level 12. HP: 37/100 MP: 11/11
 16497 | D:13     | Noticed an eight-headed hydra
 16511 | D:13     | Killed an eight-headed hydra
 17008 | D:13     | Noticed a vault guard
 17026 | D:13     | Noticed a vault guard
 17029 | D:13     | Killed a vault guard
 17039 | D:13     | Killed a vault guard
 17083 | D:13     | Found a gate to the Vaults.
 17398 | D:13     | Noticed Urug
 17411 | D:13     | Killed Urug
 17865 | D:14     | Noticed a centaur warrior
 17868 | D:14     | Killed a centaur warrior
 17868 | D:14     | Reached skill level 10 in Fighting
 18067 | D:14     | Reached XP level 13. HP: 92/113 MP: 12/12
 18158 | D:14     | Received a gift from Trog
 18217 | D:14     | Reached skill level 10 in Armour
 18885 | D:15     | Entered Level 15 of the Dungeon
 19163 | D:15     | Reached skill level 10 in Dodging
 19778 | D:15     | Found a staircase to the Depths.
 20428 | D:15     | Noticed Josephine
 20439 | D:15     | Killed Josephine
 20816 | Lair:1   | Entered Level 1 of the Lair of Beasts
 21265 | Lair:1   | Received a gift from Trog
 21723 | Lair:2   | Found a staircase to the Shoals.
 21816 | Lair:2   | Reached XP level 14. HP: 92/127 MP: 13/13
 21849 | Lair:2   | Noticed Sonja
 22162 | Lair:2   | Killed Sonja
 22435 | Lair:2   | Noticed Gastronok
 22442 | Lair:2   | Killed Gastronok
 23139 | Lair:3   | Got a brightly glowing silver amulet
 23202 | Lair:3   | Identified the amulet of Wilatsoll {Faith Int+2 Slay+3} (You found it on level 3 of the Lair of Beasts)
 23628 | Lair:3   | Found an ancient bone altar of Kikubaaqudgha.
 24049 | Lair:4   | Reached skill level 1 in Evocations
 24081 | Lair:4   | Received a gift from Trog
 24181 | Lair:4   | Found a hole to the Spider Nest.
 24647 | Lair:5   | Reached skill level 1 in Slings
 24882 | Lair:5   | Received a gift from Trog
 25234 | Lair:6   | Entered Level 6 of the Lair of Beasts
 25294 | Lair:6   | Found a labyrinth entrance.
 25310 | Lab      | Entered a labyrinth
 25326 | Lab      | Upgraded the game from 0.23-a0-49-gd9f7a49668 to 0.23-a0-54-gae6112e33f
 25612 | Lab      | Identified the Compendium of Talismans and the Voyage
 25615 | Lab      | Identified the Catalogue of Hexes
 25670 | Lab      | Got an uncursed fine shortbow {velocity}
 25676 | Lab      | Identified the +1 shortbow of the Eleven Nights {velocity, rElec MR+ Int+6 Dex+2} (You took it off a minotaur in a labyrinth)
 25923 | Lair:6   | Found a staircase to the Slime Pits.
 26305 | Lair:6   | Reached XP level 15. HP: 137/137 MP: 17/17
 26417 | Lair:6   | Reached ****** piety under Trog
 26423 | Lair:6   | Received a gift from Trog
 26431 | Lair:6   | Reached skill level 15 in Axes
 26517 | Lair:6   | Reached skill level 5 in Slings
 27052 | Orc:1    | Entered Level 1 of the Orcish Mines
 27054 | Orc:1    | Noticed Snorg
 27065 | Orc:1    | Killed Snorg
 27498 | Orc:1    | Found Gian's Assorted Antiques.
 27635 | Orc:1    | Noticed Fannar
 27652 | Orc:1    | Killed Fannar
 27652 | Orc:1    | Reached skill level 5 in Evocations
 27841 | Orc:2    | Entered Level 2 of the Orcish Mines
 27861 | Orc:2    | Found Herusch's Book Shop.
 27876 | Orc:2    | Found Ibigruni's Armour Shop.
 28074 | Orc:2    | Found a staircase to the Elven Halls.
 28095 | Orc:2    | Found Ruuxzyme's Antique Weapon Boutique.
 28140 | Orc:2    | Received a gift from Trog
 28253 | Orc:2    | Found Sumnynt's Food Shoppe.
 28342 | Orc:2    | Found a roughly hewn altar of Beogh.
 28364 | Orc:2    | Found Geff's Book Boutique.
 28620 | Orc:2    | Found a roughly hewn altar of Beogh.
 28643 | Orc:2    | Found a roughly hewn altar of Beogh.
 28680 | Orc:2    | Found a roughly hewn altar of Beogh.
 28710 | Orc:2    | Found a roughly hewn altar of Beogh.
 28716 | Orc:2    | Found Ibypsou's Armour Shop.
 28811 | Orc:2    | Noticed Saint Roka
 28824 | Orc:2    | Received a gift from Trog
 28838 | Orc:2    | HP: 6/139 [orc priest/divine providence (15)]
 28838 | Orc:2    | Killed from afar by Saint Roka

Vault maps used:
D:1:      zaba_arrival_water
D:2:      brannock_xom_greatest_gift
D:3:      kennysheep_slugbush, lemuel_crystal_altar, first_ration,
          kennysheep_another_room, minmay_misc_feat_roman, uniq_robin
D:4:      grunt_temple_overflow_open
D:5:      black_bear_nest_1, minmay_temple_entry_statues
D:6:      marbit_many_paths, minmay_door_square, elyvilon_altar_1, uniq_pikel,
          uniq_sigmund
D:8:      nicolae_tso_swordbearing_angel, minmay_misc_feat_doors, uniq_erica
D:9:      david_orc_5, grunt_pizzeria
D:10:     dpeg_oklobed_lair, kennysheep_just_a_vault
D:11:     serial_shops, nicolae_shop_waterfront, serial_ice, serial_ice_e,
          serial_ice_a, serial_ice_g, serial_ice_j, serial_ice_m,
          portal_ice_cave_entry_imps, kennysheep_doodads, solitary_fountain
D:12:     basic_altar, ebering_ghost_rock_garden
D:13:     grunt_vaults_entry_tiered, uniq_urug
D:14:     dk_noncrumbling_3, minmay_orc_keep
D:15:     grunt_enter_depths_snipers, solitary_fountain, uniq_josephine
Lair:1:   serial_bayou_lake_a, grunt_megastairs_5
Lair:2:   elwin_shoals_entry_rocks, grunt_forest_large_clearings, uniq_sonja,
          uniq_gastronok
Lair:3:   basic_altar, serial_bayou_ford_a, grunt_megastairs_2,
          infiniplex_staircase_pool_2, serial_bayou_shore_b,
          serial_bayou_shore_b
Lair:4:   spider_nest_entry_a
Lair:5:   minivault_11
Lair:6:   evilmike_catoblepas_cave, nicolae_slime_entry_slimehenge,
          lab_entry_generic, lemuel_fruit_tree, serial_bayou_shore_b
Orc:1:    serial_shops, shop, uniq_fannar, uniq_snorg
Orc:2:    grunt_orc_community_town_hall, grunt_orc_community_big_house_2,
          grunt_orc_community_big_house_1, grunt_orc_community_house_1,
          grunt_orc_community_house_3, grunt_orc_community_house_2,
          grunt_orc_community_house_2, grunt_orc_community_house_3,
          grunt_orc_community_house_3, serial_shops, shop, shop, shop, shop,
          elves_outpost_lemuel
Lab:      nicolae_lab_dead_adventurers, labyrinth_glass_2, nicolae_lab_plus,
          nicolae_lab_diamond, nicolae_lab_big_swirl
IceCv:    ice_cave_tombish

Skill      XL: |  1  2  3  4  5  6  7  8  9 10 11 12 13 14 15 |
---------------+----------------------------------------------+-----
Axes           | 4 5 6 8 10 12 13 14 15 | 15.8
Fighting       | 4 5 7 10 12 13 14 | 14.4
Armour         | 3 4 6 9 12 13 | 13.0
Dodging        | 3 5 8 11 12 | 12.0
Shields        | 1 2 4 6 8 11 13 15 | 15.0
Evocations     | 4 5 |  5.0
Slings         | 4 6 |  6.1

Action                   |  1- 3 |  4- 6 |  7- 9 | 10-12 | 13-15 || total
-------------------------+-------+-------+-------+-------+-------++-------
Melee: Hand axe          |    39 |    35 |       |       |       ||    74
       Headbutt          |     4 |    19 |    44 |   149 |   192 ||   408
       Mace              |       |    66 |   225 |    54 |     8 ||   353
       War axe           |       |       |       |   378 |     8 ||   386
       Broad axe         |       |       |       |   186 |   779 ||   965
       Morningstar       |       |       |       |       |    20 ||    20
 Fire: Hunting sling     |    81 |   114 |   123 |   206 |    34 ||   558
Throw: Stone             |     8 |       |       |       |       ||     8
       Tomahawk          |       |       |       |    75 |   136 ||   211
       Javelin           |       |       |       |       |    55 ||    55
Invok: Berserk           |     1 |       |     4 |     1 |       ||     6
       Trog's Hand       |       |       |     1 |     2 |     9 ||    12
       Brothers in Arms  |       |       |       |     1 |     4 ||     5
  Use: Scroll            |       |    15 |     6 |    10 |    11 ||    42
       Potion            |       |       |       |     5 |     1 ||     6
 Stab: Distracted        |       |       |       |       |     2 ||     2
  Eat: Chunk             |     2 |    10 |     9 |    14 |    32 ||    67
       Ration            |       |       |     2 |     7 |     2 ||    11
Armor: Leather armour    |     5 |       |       |       |       ||     5
       Ring mail         |     5 |       |       |       |       ||     5
       Scale mail        |       |    70 |    46 |       |       ||   116
       Plate armour      |       |       |    48 |   236 |   283 ||   567
Dodge: Dodged            |    28 |    61 |    68 |   152 |   278 ||   587
Block: Shield            |       |    58 |   168 |   423 |   573 ||  1222
       Reflection        |       |       |       |    13 |    25 ||    38

Table legend:
 A = Spawn XP
 B = Non-spawn XP
 C = Spawn XP percentage of total XP
 D = Spawn monster count
 E = Non-spawn monster count
 F = Spawn count percentage of total count
 G = Total turns spent on level
                    A         B        C        D         E        F      G
               +---------+---------+-------+---------+---------+-------+---------
         Total |       0 |  127966 |   0.0 |       0 |     756 |   0.0 | 28838
               +---------+---------+-------+---------+---------+-------+---------
           D:1 |       0 |      39 |   0.0 |       0 |      24 |   0.0 |   978
           D:2 |       0 |      27 |   0.0 |       0 |       9 |   0.0 |   629
           D:3 |       0 |     142 |   0.0 |       0 |      40 |   0.0 |  1167
           D:4 |       0 |      43 |   0.0 |       0 |      10 |   0.0 |   444
           D:5 |       0 |     342 |   0.0 |       0 |      12 |   0.0 |   795
           D:6 |       0 |    1227 |   0.0 |       0 |      15 |   0.0 |   960
           D:7 |       0 |     352 |   0.0 |       0 |       9 |   0.0 |   554
           D:8 |       0 |    2736 |   0.0 |       0 |      34 |   0.0 |  1709
           D:9 |       0 |    2914 |   0.0 |       0 |      47 |   0.0 |  2172
          D:10 |       0 |     954 |   0.0 |       0 |      11 |   0.0 |   986
          D:11 |       0 |    2489 |   0.0 |       0 |      47 |   0.0 |  1277
          D:12 |       0 |    4637 |   0.0 |       0 |      20 |   0.0 |  1368
          D:13 |       0 |   14660 |   0.0 |       0 |      67 |   0.0 |  2218
          D:14 |       0 |    7625 |   0.0 |       0 |      44 |   0.0 |  1081
          D:15 |       0 |   14132 |   0.0 |       0 |      39 |   0.0 |  1828
        Lair:1 |       0 |    4245 |   0.0 |       0 |      22 |   0.0 |  1198
        Lair:2 |       0 |    7063 |   0.0 |       0 |      40 |   0.0 |  1155
        Lair:3 |       0 |    1900 |   0.0 |       0 |      14 |   0.0 |   810
        Lair:4 |       0 |    9152 |   0.0 |       0 |      34 |   0.0 |   631
        Lair:5 |       0 |    2948 |   0.0 |       0 |      18 |   0.0 |   719
        Lair:6 |       0 |   27873 |   0.0 |       0 |      63 |   0.0 |  1267
         Orc:1 |       0 |    4522 |   0.0 |       0 |      25 |   0.0 |   563
         Orc:2 |       0 |   11076 |   0.0 |       0 |      87 |   0.0 |   997
           Lab |       0 |    1239 |   0.0 |       0 |       1 |   0.0 |   391
         IceCv |       0 |    5629 |   0.0 |       0 |      24 |   0.0 |  2941
               +---------+---------+-------+---------+---------+-------+---------
